 Dungeon Sprint DCSS version 0.18-a0-1655-ge2d8d33 (webtiles) character file.

15600000 namelastname112 the Plane Walker (level 27, -13/149 HPs)
             Began as a Felid Warper on Mar 30, 2016.
             Was the Champion of Makhleb.
             Killed from afar by a large bag of meat (19 damage)
             ... with an exploding inner flame
             ... in the Dungeon (Sprint VIII: "Arena of Blood").
             The game lasted 00:03:13 (156 turns).

namelastname112 the Plane Walker (Felid Warper)      Turns: 156, Time: 00:03:14

Health: -13/149    AC:  3    Str:  7    XL:     27
Magic:  55/55      EV: 44    Int: 18    God:    Makhleb [******]
Gold:   0          SH:  0    Dex: 25    Spells: 2 memorised, 77 levels left
                                        Lives:  0   Deaths: 4

rFire  . . .     SeeInvis +       - Unarmed
rCold  + . .     Gourm    .     (armour unavailable)
rNeg   . . .     Faith    .     (shield unavailable)
rPois  .         Spirit   .     (helmet unavailable)
rElec  .         Dismiss  .     (cloak unavailable)
rCorr  .         Reflect  .     (gloves unavailable)
SustAt .         Harm     .     (boots unavailable)
MR     ++++.     NoTele   +     (no amulet)
Stlth  ++++......               (no ring)
                                i - +27000 ring of slaying

@: quick, incredibly resistant to hostile enchantments, stealthy
A: no armour, no weapons or thrown items, claws 1, fangs 3, see invisible,
carnivore 3, speed 1, shaggy fur 3, slow metabolism 1, sharp paws
a: Minor Destruction, Lesser Servant of Makhleb, Major Destruction, Greater
Servant of Makhleb, Renounce Religion
0: Orb of Zot


You were in the Dungeon.
You worshipped Makhleb.
Makhleb was exalted by your worship.
You were not hungry.

You visited 1 branch

Inventory:

Jewellery
 i - a +27000 ring of slaying (left paw)
Scrolls
 b - a scroll of blinking
Potions
 d - a potion of curing
 e - a potion of heal wounds
 f - a potion of haste
 g - 2 potions of magic
 h - a potion of berserk rage
Books
 a - a book of Spatial Translocations

   Spells                             Type                      Level
   a - Apportation                    Translocation                1
   b - Blink                          Translocation                2
   c - Shroud of Golubria             Charms/Translocation         2
   d - Portal Projectile              Translocation                3
   e - Teleport Other                 Translocation                3
   f - Passage of Golubria            Translocation                4
Comestibles
 c - a meat ration


   Skills:
 O Level 27 Fighting
 O Level 27 Dodging
 O Level 27 Stealth
 O Level 27 Unarmed Combat
 O Level 27 Spellcasting
 O Level 27 Translocations
 O Level 27 Invocations


You had 77 spell levels left.
You knew the following spells:

 Your Spells              Type           Power        Failure   Level  Hunger
a - Apportation           Tloc           #######...   0%          1    None
b - Blink                 Tloc           N/A          0%          2    None


Dungeon Overview and Level Annotations

Branches:
Dungeon (1/1)

Altars:
Makhleb

Annotations:
D The Captor, The Servant


Innate Abilities, Weirdness & Mutations

You cannot wear armour.
You are incapable of wielding weapons or throwing items.
You have sharp claws.
You have razor-sharp teeth.
You have supernaturally acute eyesight.
You are carnivorous and can eat meat at any time.
You cover ground quickly.
Your thick and shaggy fur keeps you warm (AC +3, rC+).
You have a slow metabolism.
Your sharp claws are effective at attacking unaware monsters.


Message History

The fireball engulfs the large bag of meat.
The large bag of meat explodes!
The fiery explosion engulfs the bag of meat.
The bag of meat dies!
The fiery explosion engulfs the destroyer.
The fiery explosion engulfs the large abomination.
The fiery explosion engulfs the small abomination.
The small abomination is destroyed!
The fiery explosion engulfs the bag of meat.
The bag of meat dies!
The fiery explosion engulfs the dread.
The fiery explosion engulfs the meat berserker.
The fiery explosion engulfs the bag of meat.
The bag of meat dies!
The fiery explosion engulfs the bag of meat.
The bag of meat dies!
The fiery explosion engulfs the crawling corpse.
The crawling corpse is destroyed!
The fiery explosion engulfs you!
You die... ##...# ...o.Oo # .z...#...O..p .V X.W....C...
X#O oX..z.....O. .. zX#L

...GO.#.... .#
.Co..#XX.O.#.... ..#
oO#.XX...###.... ..###.
.oo.oo...).O..###........
.§.Oo.#O@§p.oW.o..o......
oD..#O.)§§§.#x.M..#......
##pD...xV§X.#_O<._#......
..S#O.D§§WG#oo.W.#.o....
..%o.#§§oW.Sz)_XMM......
@....S..x...S###XW......
pp......###XXXD..o###o
W.......)§#G§)V...#
...XoXGV§#.......#.p


You could see an accursed, 2 tentacled monstrosities, a tyrant, 3 eight-headed
meat hydras, 3 destroyers, 3 observers, 3 scourges, 4 fleshlords, 3 sculptors of
flesh, 2 large bags of meat, 9 large abominations, a wretched soul (invisible),
4 dreads, 9 meat berserkers, 2 small abominations, 10 bags of meat and a
crawling corpse.

Vanquished Creatures
  Dispater (D)
  2 hell knights (D)
  9 hell beasts (D)
  2 greater mummies (D)
  2 great orbs of eyes (D)
  3 wraiths (D)
  14 vampire knights (D)
  23 ogres (D)
  5 liches (D)
  3 hydras (D)
  27 orcs (D)
  2 phantoms (D)
  5 hill giants (D)
  5 skeletal warriors (D)
  2 large abominations (D)
  A small abomination (D)
106 creatures vanquished.

Vanquished Creatures (others)
  3 great orbs of eyes (D)
  2 ogres (D)
  A hydra (D)
  12 orcs (D)
  A sea snake (D)
  A small abomination (D)
  7 crawling corpses (D)
27 creatures vanquished.

Grand Total: 133 creatures vanquished

Notes
Turn   | Place    | Note
--------------------------------------------------------------
     0 | D        | namelastname112 the Felid Warper began the quest for the Orb.
     0 | D        | Reached XP level 1. HP: 9/9 MP: 4/4
     4 | D        | Became a worshipper of Makhleb the Destroyer
     6 | D        | Noticed a bag of meat
     8 | D        | Noticed a bag of meat
    12 | D        | Killed a bag of meat
    12 | D        | Reached XP level 2. HP: 21/21 MP: 4/15
    12 | D        | Reached XP level 3. HP: 24/24 MP: 4/16
    12 | D        | Reached XP level 4. HP: 28/28 MP: 4/18
    12 | D        | Reached XP level 5. HP: 31/31 MP: 4/19
    12 | D        | Gained mutation: You are covered in thick fur (AC +2). [Felid growth]
    12 | D        | Reached XP level 6. HP: 36/36 MP: 4/21
    12 | D        | Reached XP level 7. HP: 39/39 MP: 4/22
    12 | D        | Reached XP level 8. HP: 43/43 MP: 4/24
    12 | D        | Reached XP level 9. HP: 46/46 MP: 4/25
    12 | D        | Reached XP level 10. HP: 51/51 MP: 4/26
    12 | D        | Reached XP level 11. HP: 54/54 MP: 4/27
    15 | D        | Noticed a bag of meat
    16 | D        | Learned a level 2 spell: Blink
    17 | D        | Noticed a bag of meat
    18 | D        | Killed a bag of meat
    18 | D        | Reached * piety under Makhleb
    18 | D        | Reached skill level 27 in Translocations
    18 | D        | Gained mutation: Your thick and shaggy fur keeps you warm (AC +3, rC+). [Felid growth]
    18 | D        | Reached XP level 12. HP: 60/60 MP: 5/30
    19 | D        | Killed a bag of meat
    19 | D        | Reached skill level 15 in Spellcasting
    19 | D        | Reached XP level 13. HP: 66/66 MP: 5/33
    21 | D        | Noticed a bag of meat
    23 | D        | Killed a bag of meat
    23 | D        | Reached ** piety under Makhleb
    23 | D        | Reached XP level 14. HP: 55/72 MP: 6/35
    24 | D        | Noticed a meat berserker
    25 | D        | Noticed a destroyer
    26 | D        | Noticed a destroyer
    26 | D        | Slain by a destroyer
    27 | D        | Reached XP level 13. HP: 0/68 MP: 7/34
    27 | D        | Noticed a meat berserker
    27 | D        | Noticed a bag of meat
    27 | D        | Noticed a bag of meat
    27 | D        | Noticed a bag of meat
    27 | D        | Noticed a large bag of meat
    27 | D        | Noticed a destroyer
    27 | D        | Noticed a bag of meat
    28 | D        | Noticed a meat berserker
    28 | D        | Noticed a bag of meat
    30 | D        | Noticed a bag of meat
    30 | D        | Noticed a bag of meat
    30 | D        | Noticed a bag of meat
    31 | D        | Noticed a large bag of meat
    31 | D        | Killed a destroyer
    31 | D        | Reached skill level 27 in Dodging
    31 | D        | Reached XP level 14. HP: 76/76 MP: 34/38
    32 | D        | Noticed a meat berserker
    32 | D        | Killed a meat berserker
    32 | D        | Reached *** piety under Makhleb
    32 | D        | Reached XP level 15. HP: 84/84 MP: 34/42
    33 | D        | Noticed a destroyer
    33 | D        | Killed a meat berserker
    33 | D        | Reached XP level 16. HP: 91/91 MP: 34/45
    34 | D        | Noticed a destroyer
    34 | D        | Killed a destroyer
    34 | D        | Reached skill level 10 in Stealth
    34 | D        | Reached XP level 17. HP: 99/99 MP: 34/48
    36 | D        | Noticed a meat berserker
    37 | D        | Noticed a meat berserker
    38 | D        | Killed a destroyer
    38 | D        | Reached **** piety under Makhleb
    38 | D        | Reached skill level 27 in Fighting
    38 | D        | Reached skill level 27 in Unarmed Combat
    38 | D        | Reached skill level 27 in Spellcasting
    41 | D        | Killed a meat berserker
    41 | D        | Reached skill level 27 in Stealth
    41 | D        | Reached XP level 18. HP: 109/109 MP: 36/50
    43 | D        | Reached ***** piety under Makhleb
    44 | D        | Killed a meat berserker
    44 | D        | Reached XP level 19. HP: 113/113 MP: 36/51
    45 | D        | Reached skill level 27 in Invocations
    48 | D        | Noticed a destroyer
    48 | D        | Noticed a meat berserker
    49 | D        | Killed a meat berserker
    49 | D        | Reached ****** piety under Makhleb
    49 | D        | Reached XP level 20. HP: 118/118 MP: 37/52
    49 | D        | Annihilated by a destroyer
    50 | D        | Reached XP level 19. HP: -107/113 MP: 37/51
    50 | D        | Noticed a meat berserker
    50 | D        | Noticed a meat berserker
    52 | D        | Noticed a large bag of meat
    55 | D        | Noticed a tyrant
    55 | D        | Noticed a large bag of meat
    57 | D        | Killed a destroyer
    58 | D        | Noticed an accursed
    58 | D        | Killed an accursed
    58 | D        | Reached XP level 20. HP: 116/116 MP: 52/52
    59 | D        | Killed a meat berserker
    59 | D        | Reached XP level 21. HP: 120/120 MP: 53/53
    59 | D        | HP: 5/120 [large bag of meat/+9 giant spiked club (115)]
    62 | D        | Noticed a meat beast
    66 | D        | Killed a meat beast
    66 | D        | Reached XP level 22. HP: 111/125 MP: 54/54
    67 | D        | Killed a tyrant
    67 | D        | Reached XP level 23. HP: 129/129 MP: 55/55
    70 | D        | Noticed a destroyer
    71 | D        | Noticed a meat beast
    73 | D        | Killed a destroyer
    73 | D        | Reached XP level 24. HP: 114/134 MP: 55/55
    76 | D        | Killed a meat beast
    76 | D        | Reached XP level 25. HP: 125/138 MP: 55/55
    81 | D        | Reached XP level 26. HP: 143/143 MP: 55/55
    83 | D        | Noticed a dread
    85 | D        | Killed a destroyer
    86 | D        | Noticed a dread
    87 | D        | Reached XP level 27. HP: 75/147 MP: 55/55
    88 | D        | Noticed a destroyer
    88 | D        | Noticed a tyrant
    88 | D        | Killed a dread
    89 | D        | Noticed a meat beast
    90 | D        | Noticed a meat beast
    90 | D        | Killed a tyrant
    91 | D        | Killed a meat beast
    92 | D        | Noticed a meat beast
    92 | D        | Noticed a destroyer
    94 | D        | Killed a meat beast
    96 | D        | Noticed an accursed
    96 | D        | Killed a meat beast
    98 | D        | Noticed a destroyer
    98 | D        | Killed a dread
    99 | D        | Noticed a tyrant
   102 | D        | Noticed a meat beast
   102 | D        | Killed a destroyer
   103 | D        | Noticed a dread
   109 | D        | Noticed a destroyer
   109 | D        | Killed a meat beast
   110 | D        | Noticed a tyrant
   111 | D        | Noticed a meat beast
   113 | D        | Noticed a tyrant
   115 | D        | Killed a destroyer
   116 | D        | Noticed a meat beast
   117 | D        | Noticed a dread
   118 | D        | Killed a meat beast
   119 | D        | Killed a tyrant
   120 | D        | Noticed a destroyer
   120 | D        | Killed a dread
   121 | D        | Noticed an accursed
   121 | D        | Noticed a destroyer
   121 | D        | Noticed a dread
   123 | D        | Noticed a tyrant
   123 | D        | Killed a meat beast
   124 | D        | Noticed a destroyer
   125 | D        | Killed a destroyer
   129 | D        | Killed an accursed
   129 | D        | HP: 5/147 [observer/divine providence (11)]
   130 | D        | Killed a destroyer
   131 | D        | Killed from afar by a tyrant
   132 | D        | Noticed a fleshlord
   132 | D        | Noticed a destroyer
   132 | D        | Noticed a fleshlord
   132 | D        | Noticed a tyrant
   135 | D        | Noticed a meat beast
   136 | D        | Killed a fleshlord
   137 | D        | Killed a fleshlord
   139 | D        | Noticed a meat beast
   139 | D        | Noticed a fleshlord
   140 | D        | Noticed an accursed
   140 | D        | Noticed an accursed
   142 | D        | Killed a destroyer
   143 | D        | Killed a meat beast
   145 | D        | Killed a tyrant
   147 | D        | Killed a destroyer
   148 | D        | HP: 1/149 [meat berserker/+9 battleaxe (49)]
   148 | D        | Mangled by a bag of meat
   149 | D        | Noticed a tyrant
   149 | D        | Noticed a dread
   149 | D        | Noticed The Servant
   149 | D        | Noticed a destroyer
   149 | D        | Noticed a dread
   149 | D        | Noticed a fleshlord
   149 | D        | Noticed a fleshlord
   149 | D        | Noticed The Meatlord
   150 | D        | Killed a destroyer
   151 | D        | Killed a destroyer
   152 | D        | Noticed a fleshlord
   154 | D        | Noticed a fleshlord
   154 | D        | Killed The Meatlord
   155 | D        | Noticed a destroyer
   155 | D        | Noticed The Captor
   155 | D        | Noticed a dread
   155 | D        | Noticed a meat beast
   155 | D        | Killed a tyrant
   155 | D        | HP: 6/149 [??? (4)]
   156 | D        | Got the Orb of Zot
   156 | D        | Killed from afar by a large bag of meat

Vault maps used:
D:        meatsprint

Skill      XL: |  1  2  3  4  5  6  7  8  9 10 11 12 13 14 15 16 17 18 19 |
---------------+----------------------------------------------------------+-----
Fighting       | 9 11 13 17 19 21 23 27 | 27.0
Dodging        | 16 19 22 27 | 27.0
Unarmed Combat | 9 11 13 17 20 22 24 27 | 27.0
Spellcasting   | 11 13 15 19 22 24 26 27 | 27.0
Translocations | 24 27 | 27.0
Stealth        | 4 6 8 10 27 | 27.0
Invocations    | 25 27 | 27.0

Action                   |  1- 3 |  4- 6 |  7- 9 | 10-12 | 13-15 | 16-18 | 19-21 | 22-24 | 25-27 || total
-------------------------+-------+-------+-------+-------+-------+-------+-------+-------+-------++-------
Melee: Unarmed           |     1 |       |       |     2 |     4 |     6 |    15 |     8 |    70 ||   106
  Use: Scroll            |       |       |       |       |       |       |       |       |     1 ||     1
 Stab: Distracted        |       |       |       |       |       |       |     1 |       |       ||     1
